groovejumper, neutral female human Wizard --- ..| ..| ...| ... .. d ##@# # ## --|-------- ----------- ----------- |.........| |.........| |.........| |.........| |.........| |.........| |..........###### |..........###### |.........| |.........| # |.)(.....<| # |.........| |.........| ##..........| ##......(...| ----------- ----------- ----------- groovejumper the Thaumaturge Experience level: 6 Strength: 12 Dexterity: 16 Constitution: 12 Intelligence: 18 Wisdom: 12 Charisma: 9 Health: 0(34) Energy: 17(38) AC: 7 Gold: 1215 Moves: 3749 Your Inventory: Coins $ - 1215 gold pieces Amulets x - an uncursed circular amulet [versus poison] Weapons a - a blessed +1 quarterstaff (weapon in hands) Armor b - an uncursed +0 cloak of magic resistance (being worn) N - an [uncursed] +0 pair of hard shoes [iron] (being worn) Comestibles u - an uncursed sprig of wolfsbane P - 3 [uncursed] food rations Q - an [uncursed] tin [of wood nymph meat] Scrolls i - 2 uncursed scrolls of teleportation j - an uncursed scroll of stinking cloud p - a blessed scroll of confuse monster z - an uncursed scroll labeled KO BATE [of light] I - an [uncursed] scroll labeled ZLORFIK [of enchant armor] T - an [uncursed] scroll labeled VELOX NEB [of identify] Spellbooks l - a blessed spellbook of force bolt m - an uncursed spellbook of confuse monster W - an [uncursed] spellbook of detect food Potions g - an uncursed potion of healing h - 3 blessed clear potions [of holy water] y - an uncursed fizzy potion [of hallucination] K - a [blessed] dark green potion [of gain ability] M - a [cursed] white potion [of sleeping] O - an [uncursed] ochre potion [of gain level] Rings d - an uncursed ring of shock resistance e - an uncursed +1 ring of adornment B - a cursed [+0] ring of adornment C - a cursed [-2] pearl ring [of gain constitution] H - a [cursed] tiger eye ring [of see invisible] V - an [uncursed] plain ring [of teleport control] Wands c - an uncursed wand of light (0:11) Tools k - an uncursed key [skeleton key] w - an uncursed tin whistle F - 3 [uncursed tallow] candles J - an [uncursed oil] lamp Gems L - 2 [uncursed] white gems [worthless glass] S - an [uncursed] green gem [worthless glass] U - an [uncursed] yellowish brown gem [worthless glass] Spells known in the end: Name Level Category Fail Memory a - force bolt 1 attack 0% [|||||||.] b - confuse monster 2 enchantment 0% [|||||||.] c - detect food 2 divination 51% [||||||||] Your skills at the end: Fighting Skills Weapon Skills quarterstaff [Basic / Expert] Spellcasting Skills attack spells [Basic / Expert] enchantment spells [Basic / Skilled] Final Attributes: You were piously aligned. Hunger level was 356. Your alignment was 23 / 28. Monster difficulty range was 1 - 7. Level difficulty was 8. You were magic-protected. You were telepathic. Your luck was zero. You are dead. Vanquished creatures: a gelatinous cube a wolf a leprechaun a yellow light a violet fungus 3 gnome lords 2 elf zombies a floating eye a kitten a dwarf a homunculus 2 rothes an orc zombie 2 werejackals 2 iguanas 2 hobbits 2 manes a large kobold a hobgoblin a cave spider a yellow mold 16 gnomes 3 geckos 2 jackals 2 foxes 4 goblins 3 sewer rats 2 grid bugs 4 lichens 5 newts 70 creatures vanquished. Voluntary challenges: You used a wielded weapon 65 times. You read items or engraved 1 time. You put on armor 2 times. You never genocided any monsters. You never polymorphed an object. You never changed form. You used no wishes. You never wrote Elbereth's name. You never encountered a bones level. You never used any Sokoban shortcuts. Dungeon overview: The Dungeons of Doom: levels 1 to 8 Level 1 a long staircase Level 2 an altar Level 4 an altar to Thoth, some fountains stairs to The Gnomish Mines Level 5 some fountains Level 6 some fountains, a sink Level 7 a wand shop Level 8 <- You were here The Gnomish Mines: Level 5 stairs to The Dungeons of Doom History has recorded: On T:1 you entered the Dungeons of Doom to retrieve the Amulet of Yendor! On T:484 you advanced to experience level 2. On T:834 you reached level 2 of The Dungeons of Doom. On T:913 you advanced to experience level 3. On T:1278 you reached level 3 of The Dungeons of Doom. On T:1379 you advanced to experience level 4. On T:1625 you reached level 4 of The Dungeons of Doom. On T:1969 you advanced to experience level 5. On T:2119 you reached level 1 of The Gnomish Mines. On T:2218 you advanced to experience level 6. On T:2509 you reached level 5 of The Dungeons of Doom. On T:2865 you reached level 6 of The Dungeons of Doom. On T:3022 you reached level 7 of The Dungeons of Doom. On T:3431 you reached level 8 of The Dungeons of Doom. Latest messages: You succeed in unlocking the door. [2 turns] The door opens. The warg bites! [HP-7=27] You hit the warg. The warg bites! [HP-7=20] The spell misses the warg. The warg bites! [HP-7=13] The spell misses the warg. The warg bites! [HP-12=1] The spell misses the warg. The warg bites! You die... Final status: Goodbye groovejumper the Wizard... You died in The Dungeons of Doom on dungeon level 8 with 2820 points, and 1215 pieces of gold, after 3749 moves. You were level 6 with a maximum of 34 hit points when you died.